 Dungeon Crawl Stone Soup version 0.31-a0-152-g6aa68a64a1 (webtiles) character file.

Game seed: 8578445162128814905

14130 qw the Skirmisher (level 12, -2/114 HPs)
             Began as a Naga Hunter on June 10, 2023.
             Was an Elder of Okawaru.
             Slain by a four-headed hydra (3 damage)
             ... while petrified by a basilisk
             ... on level 1 of the Lair of Beasts.
             The game lasted 00:03:56 (10035 turns).

qw the Skirmisher (Naga Hunter)                    Turns: 10035, Time: 00:03:57

Health: -2/114     AC: 15    Str: 14    XL:     12   Next: 13%
Magic:  17/17      EV:  1    Int: 13    God:    Okawaru [****..]
Gold:   507        SH:  0    Dex: 19    Spells: 11/11 levels left

rFire   + . .        c - +10 shortbow "Loludgho" {speed, *Slow rElec rN+ Int+3}
rCold   . . .        (shield currently unavailable)
rNeg    + + +        p - +0 troll leather armour
rPois   inf          o - +1 hat
rElec   +            m - scarf {repulsion}
rCorr   .            h - +2 pair of gloves
SInv    +            (no barding)
Will    +....        g - amulet of reflection
Stlth   +++          e - ring of protection from fire
HPRegen 1.19/turn    b - +4 ring of protection
MPRegen 0.15/turn

%: slow self (1%), repel missiles, reflection
@: petrified, heroic, very slow
A: AC +4, large, see invisible, deformed body, poison resistance, slowness 2,
spit poison 1, naga tail 1
a: Spit Poison, Renounce Religion, Heroism, Finesse


You were on level 1 of the Lair of Beasts.
You worshipped Okawaru.
Okawaru was greatly pleased with you.
You visited 2 branches of the dungeon, and saw 12 of its levels.

You collected 915 gold pieces.
You spent 408 gold pieces at shops.


Innate Abilities, Weirdness & Mutations

Your serpentine skin is tough. (AC +4)
You have supernaturally acute eyesight. (SInv)
Armour fits poorly on your strangely shaped body.
Your system is resistant to poisons. (rPois)
You cover ground very slowly.
You can spit poison.
You have a snake-like lower body.


   Skills:
 - Level 9.0(14.0) Fighting
 + Level 13.6(18.6) Ranged Weapons
 - Level 2.0(7.0) Armour
 - Level 5.0(10.0) Dodging
 - Level 1.5(6.5) Stealth
 + Level 7.7 Invocations


You had 11 spell levels left.
You didn't know any spells.
Your spell library was empty.

Inventory:

Hand Weapons
 c - the +10 shortbow "Loludgho" (weapon) {speed, *Slow rElec rN+ Int+3}
   (You acquired it on level 5 of the Dungeon)

   Int:       It affects your intelligence (+3).
   rElec:     It insulates you from electricity.
   rN:        It protects you from negative energy.
   *Slow:     It may slow you when you take damage.
 q - the +6 orcbow "Efeocez" {antimagic, *Slow rF- rC+ Str+9}
   (You found it on level 8 of the Dungeon)

   Str:       It affects your strength (+9).
   rF:        It makes you vulnerable to fire.
   rC:        It protects you from cold.
   *Slow:     It may slow you when you take damage.
Armour
 h - a +2 pair of gloves (worn)
 i - a +0 cloak
 m - a scarf of repulsion (worn)
 n - a +2 leather armour of fire resistance
 o - a +1 hat (worn)
 p - a +0 troll leather armour (worn)
Jewellery
 b - a +4 ring of protection (right hand)
 e - a ring of protection from fire (left hand)
 g - an amulet of reflection (around neck)
 u - a ring of ice
Wands
 k - a wand of digging (6)
Scrolls
 a - 3 scrolls of identify
 l - 6 scrolls of teleportation
Potions
 d - a potion of resistance
 f - 3 potions of heal wounds
 j - 3 potions of curing
 r - a potion of magic
 s - a potion of might

Dungeon Overview and Level Annotations

Branches:
Dungeon (10/15)            Temple (0/1) D:6            Lair (2/5) D:10
  Swamp: Lair:2-3    Shoals: Lair:2-3     Snake: Lair:2-3    Spider: Lair:2-3
    Orc: D:9-12

Altars:
Ashenzari
Cheibriados
Elyvilon
Gozag
Makhleb
Nemelex Xobeh
Okawaru
Qazlal
Ru
Sif Muna
Trog
Uskayaw
Wu Jian
Xom
Yredelemnul
Zin

Shops:
D:5 *   D:6 *   D:7 ?


Message History

The wolf bites you but does no damage. x2; The wolf bites you.
The four-headed hydra bites you.
The four-headed hydra bites you but does no damage.
The four-headed hydra bites you. The four-headed hydra bites you!
The basilisk bites you.
You turn to flesh and can move again.
10029 ||| STAIRDANCE The wolf misses you. x2; The wolf barely misses you.
The basilisk gazes at you.
You are slowing down.
The four-headed hydra bites you but does no damage.
The four-headed hydra bites you.
The four-headed hydra closely misses you.
The four-headed hydra bites you but does no damage.
You climb upwards.
You have turned to stone.
The wolf bites you but does no damage. The wolf bites you.
The wolf bites you but does no damage. The basilisk bites you.
The four-headed hydra bites you. x2
The four-headed hydra bites you but does no damage. x2
The wolf bites you but does no damage. The wolf bites you!
The wolf bites you but does no damage. The wolf bites you.
The basilisk bites you but does no damage.
The four-headed hydra bites you!
The four-headed hydra bites you but does no damage. x2
The four-headed hydra bites you! The wolf bites you!
The wolf completely misses you. The wolf bites you!
The four-headed hydra bites you! x4
The basilisk bites you but does no damage.
The wolf bites you but does no damage.
The wolf stops to sniff the ground.
The wolf bites you but does no damage. x2; The basilisk bites you!
The four-headed hydra bites you.
The four-headed hydra barely misses you.
The four-headed hydra bites you! x2
The wolf bites you.
The wolf bites you but does no damage. x3
The basilisk gazes at you. You resist with almost no effort.
The four-headed hydra bites you but does no damage. x2
The four-headed hydra bites you!
You die...

.......## #.#######.### ##
.#......### ##..........# ##.
.+...}....########.........####..
..........##.....<...........P##.
#####......#####.P.........#..#..
#.###.#..}....#..##........##.##.
#............##.}.##......(##..#.
.............#..l..#.......##..'.
#...}..}.>.}.'..@D}######.######.
.............#.hh..#### ### #.#
#...............}..##.###P# ###
######...}..###..##.......### ##
....#......######.........#.## #.
.#........#..# #.........'..###.
.+...}...##..####.........#..#...
.#......##......#.........##...#.
.......##.....#.'.........##.#.#.


You could see a four-headed hydra, a basilisk and 2 wolves.

Vanquished Creatures
  A two-headed ogre (D:10)
  Amaemon (D:8)
  Lodul (D:10)
  A manticore (D:9)
  Joseph (D:8)
  2 gargoyles (D:10)
  2 cane toads (Lair:1)
  An orange demon (D:8)
  2 komodo dragons (Lair:1)
  3 rime drakes (Lair:1)
  Psyche (D:8)
  A kobold demonologist (D:10)
  2 trolls (D:10)
  Grinder (D:5)
  5 blink frogs (Lair:1)
  6 slime creatures (D:9)
  Sigmund (D:6)
  A shadow (D:9)
  3 wyverns
  Grum (D:8)
  3 yaks (D:8)
  8 water moccasins
  Edmund (D:4)
  An acid dragon (D:10)
  3 ice beasts
  A sky beast (D:7)
  10 ogres
  4 wolves (D:8)
  2 centaurs
  A phantom (D:7)
  A kobold brigand (D:7)
  6 bullfrogs
  3 scorpions
  5 killer bees (D:9)
  4 electric eels (D:9)
  A howler monkey (D:8)
  5 hounds
  2 orc priests
  A gnoll bouda (D:8)
  3 jellies
  2 sleepcaps
  4 iguanas
  3 orc wizards
  4 gnolls
  10 adders
  A shadow imp (D:7)
  A white imp (D:7)
  3 ufetubi
  A dart slug (D:4)
  24 orcs
  8 ball pythons
  8 endoplasms
  3 giant cockroaches
  11 goblins
  9 hobgoblins
  22 kobolds
  6 quokkas
  5 bats
  2 frilled lizards (D:3)
  5 rats
234 creatures vanquished.

Vanquished Creatures (others)
  A kobold (D:10)
1 creature vanquished.

Grand Total: 235 creatures vanquished

Notes
Turn   | Place    | Note
-------+----------+-------------------------------------------
     0 | D:1      | qw the Naga Hunter began the quest for the Orb.
     0 | D:1      | Reached XP level 1. HP: 19/19 MP: 1/1
     0 | D:1      | 0 ||| qw: Version: 0.2-a-122-gbc61b45
     0 | D:1      | 0 ||| qw: Game counter: 3648
     0 | D:1      | 0 ||| qw: Always use a shield: true
     0 | D:1      | 0 ||| qw: God list: Okawaru
     0 | D:1      | 0 ||| qw: Allow faded altars: false
     0 | D:1      | 0 ||| qw: Do Orc after D:15 true
     0 | D:1      | 0 ||| qw: Do second Lair branch before Depths: true
     0 | D:1      | 0 ||| qw: Lair rune preference: random
     0 | D:1      | 0 ||| qw: Plans: Normal
     0 | D:1      | 0 ||| PLANNING D:1-11
   147 | D:1      | 147 ||| INVOKING Spit Poison.
   209 | D:1      | Found a faded altar of an unknown god.
   219 | D:1      | 219 ||| INVOKING Spit Poison.
   282 | D:1      | 282 ||| INVOKING Spit Poison.
   284 | D:1      | Reached skill level 4 in Ranged Weapons
   284 | D:1      | Reached XP level 2. HP: 26/26 MP: 2/2
   293 | D:1      | 293 ||| INVOKING Spit Poison.
   299 | D:1      | 299 ||| INVOKING Spit Poison.
   326 | D:1      | 326 ||| INVOKING Spit Poison.
   331 | D:1      | 331 ||| INVOKING Spit Poison.
   378 | D:1      | 378 ||| INVOKING Spit Poison.
   382 | D:1      | 382 ||| INVOKING Spit Poison.
   418 | D:1      | 418 ||| INVOKING Spit Poison.
   663 | D:1      | 663 ||| INVOKING Spit Poison.
   829 | D:1      | 829 ||| INVOKING Spit Poison.
   842 | D:1      | Reached XP level 3. HP: 32/32 MP: 3/3
   883 | D:1      | 883 ||| UPGRADING to amulet of reflection.
   888 | D:1      | 888 ||| READING scroll labelled CORAKE INIAKYO.
   946 | D:1      | 946 ||| READING scroll labelled RYOD AQIGOCODD.
   947 | D:1      | 947 ||| READING scroll labelled BAVUC LOHEXZE.
   948 | D:1      | 948 ||| DRINKING 4 smoky golden potions.
   949 | D:1      | 949 ||| DROPPING scroll of butterflies.
   950 | D:1      | 950 ||| DROPPING 3 potions of enlightenment.
  1002 | D:2      | 1002 ||| INVOKING Spit Poison.
  1024 | D:2      | 1024 ||| INVOKING Spit Poison.
  1029 | D:2      | 1029 ||| INVOKING Spit Poison.
  1066 | D:2      | Identified the +5 hand axe of Wyrd {vamp, SInv}
  1133 | D:2      | 1133 ||| INVOKING Spit Poison.
  1145 | D:2      | 1145 ||| INVOKING Spit Poison.
  1163 | D:2      | 1163 ||| INVOKING Spit Poison.
  1165 | D:2      | 1165 ||| DROPPING +3 sling.
  1186 | D:2      | 1186 ||| INVOKING Spit Poison.
  1192 | D:2      | 1192 ||| INVOKING Spit Poison.
  1198 | D:2      | 1198 ||| INVOKING Spit Poison.
  1275 | D:2      | 1275 ||| INVOKING Spit Poison.
  1277 | D:2      | Found a shimmering altar of Xom.
  1461 | D:2      | 1461 ||| INVOKING Spit Poison.
  1617 | D:2      | 1617 ||| UPGRADING to +1 pair of gloves.
  1622 | D:2      | 1622 ||| UPGRADING to ring of protection from fire.
  1623 | D:2      | 1623 ||| READING scroll labelled KUSTRU IREUFU.
  1624 | D:2      | 1624 ||| READING scroll labelled YBAOZ UROABY.
  1627 | D:2      | 1627 ||| READING 2 scrolls of identify.
  1627 | D:2      | 1627 ||| IDENTIFYING fuming emerald potion
  1665 | D:3      | 1665 ||| INVOKING Spit Poison.
  1672 | D:3      | 1672 ||| INVOKING Spit Poison.
  1673 | D:3      | Reached skill level 5 in Ranged Weapons
  1673 | D:3      | Reached XP level 4. HP: 36/39 MP: 4/4
  1705 | D:3      | 1705 ||| INVOKING Spit Poison.
  1729 | D:3      | Found a bloodstained altar of Trog.
  1730 | D:3      | 1730 ||| INVOKING Spit Poison.
  1733 | D:3      | 1733 ||| INVOKING Spit Poison.
  1748 | D:3      | 1748 ||| INVOKING Spit Poison.
  1778 | D:3      | 1778 ||| INVOKING Spit Poison.
  1802 | D:3      | 1802 ||| INVOKING Spit Poison.
  1808 | D:3      | 1808 ||| INVOKING Spit Poison.
  1813 | D:3      | 1813 ||| INVOKING Spit Poison.
  1814 | D:3      | Reached skill level 3 in Fighting
  1816 | D:3      | 1816 ||| INVOKING Spit Poison.
  1854 | D:3      | 1854 ||| INVOKING Spit Poison.
  1911 | D:3      | 1911 ||| INVOKING Spit Poison.
  1914 | D:3      | Reached XP level 5. HP: 49/49 MP: 5/5
  1942 | D:3      | 1942 ||| INVOKING Spit Poison.
  1948 | D:3      | 1948 ||| INVOKING Spit Poison.
  1951 | D:3      | 1951 ||| INVOKING Spit Poison.
  2060 | D:3      | 2060 ||| INVOKING Spit Poison.
  2102 | D:3      | 2102 ||| INVOKING Spit Poison.
  2187 | D:3      | 2187 ||| INVOKING Spit Poison.
  2333 | D:3      | 2333 ||| INVOKING Spit Poison.
  2399 | D:3      | 2399 ||| INVOKING Spit Poison.
  2485 | D:3      | 2485 ||| Stepping ~*~*~tactically~*~*~ (outnumbered).
  2486 | D:3      | 2486 ||| INVOKING Spit Poison.
  2487 | D:3      | 2487 ||| Stepping ~*~*~tactically~*~*~ (outnumbered).
  2488 | D:3      | 2488 ||| Stepping ~*~*~tactically~*~*~ (outnumbered).
  2489 | D:3      | 2489 ||| Stepping ~*~*~tactically~*~*~ (outnumbered).
  2490 | D:3      | 2490 ||| INVOKING Spit Poison.
  2496 | D:3      | 2496 ||| INVOKING Spit Poison.
  2517 | D:3      | Found an iron altar of Okawaru.
  2518 | D:3      | 2518 ||| PLANNING OKAWARU WORSHIP
  2518 | D:3      | 2518 ||| INVOKING Spit Poison.
  2519 | D:3      | 2519 ||| UPGRADING to +4 ring of protection.
  2520 | D:3      | 2520 ||| READING scroll labelled ISCHAS OCEUSCHEFF.
  2521 | D:3      | 2521 ||| READING scroll labelled ILUIRE GYPH.
  2529 | D:3      | Became a worshipper of Warmaster Okawaru
  2529 | D:3      | 2529 ||| PLANNING D:1-11
  2547 | D:4      | 2547 ||| INVOKING Spit Poison.
  2550 | D:4      | 2550 ||| INVOKING Spit Poison.
  2655 | D:4      | Found a broken altar of Ashenzari.
  2681 | D:4      | 2681 ||| INVOKING Spit Poison.
  2694 | D:4      | 2694 ||| INVOKING Spit Poison.
  2846 | D:4      | 2846 ||| INVOKING Spit Poison.
  2851 | D:4      | 2851 ||| INVOKING Spit Poison.
  2852 | D:4      | Reached skill level 6 in Ranged Weapons
  2852 | D:4      | Reached XP level 6. HP: 56/56 MP: 6/6
  2870 | D:4      | Noticed Edmund
  2871 | D:4      | 2871 ||| INVOKING Spit Poison.
  2877 | D:4      | 2877 ||| INVOKING Spit Poison.
  2884 | D:4      | 2884 ||| INVOKING Spit Poison.
  2888 | D:4      | 2888 ||| INVOKING Spit Poison.
  2892 | D:4      | 2892 ||| INVOKING Spit Poison.
  2892 | D:4      | Killed Edmund
  3000 | D:4      | 3000 ||| INVOKING Spit Poison.
  3006 | D:4      | 3006 ||| INVOKING Spit Poison.
  3018 | D:4      | Found a sacrificial altar of Ru.
  3135 | D:4      | 3135 ||| INVOKING Spit Poison.
  3265 | D:4      | Noticed an ice beast
  3276 | D:4      | Killed an ice beast
  3276 | D:4      | Reached * piety under Okawaru
  3277 | D:4      | Reached XP level 7. HP: 45/64 MP: 7/7
  3407 | D:4      | 3407 ||| UPGRADING to +2 leather armour of fire resistance.
  3417 | D:4      | 3417 ||| DROPPING +0 leather armour.
  3418 | D:4      | 3418 ||| READING scroll labelled MEESEA GILUNY.
  3419 | D:4      | 3419 ||| READING scroll labelled PUPNUTT ORAUCSA.
  3420 | D:4      | 3420 ||| READING scroll labelled ARATZI UDAIBB.
  3521 | D:4      | 3521 ||| READING 2 scrolls of identify.
  3521 | D:4      | 3521 ||| IDENTIFYING fuming white potion
  3522 | D:4      | 3522 ||| DROPPING potion of ambrosia.
  3585 | D:5      | Entered Level 5 of the Dungeon
  3587 | D:5      | 3587 ||| INVOKING Spit Poison.
  3622 | D:5      | Reached skill level 1 in Invocations
  3665 | D:5      | 3665 ||| INVOKING Spit Poison.
  3670 | D:5      | 3670 ||| INVOKING Spit Poison.
  3671 | D:5      | Reached skill level 7 in Ranged Weapons
  3675 | D:5      | Noticed Grinder
  3676 | D:5      | 3676 ||| INVOKING Heroism.
  3683 | D:5      | 3683 ||| INVOKING Spit Poison.
  3685 | D:5      | Paralysed by Grinder for 5 turns
  3691 | D:5      | 3691 ||| INVOKING Spit Poison.
  3692 | D:5      | 3692 ||| INVOKING Heroism.
  3696 | D:5      | 3696 ||| INVOKING Spit Poison.
  3701 | D:5      | Paralysed by Grinder for 5 turns
  3707 | D:5      | 3707 ||| INVOKING Heroism.
  3710 | D:5      | Killed Grinder
  3711 | D:5      | Reached XP level 8. HP: 24/72 MP: 5/9
  3870 | D:5      | 3870 ||| INVOKING Spit Poison.
  3883 | D:5      | 3883 ||| INVOKING Spit Poison.
  3935 | D:5      | Found an opulent altar of Gozag.
  3940 | D:5      | Found a burning altar of Makhleb.
  3943 | D:5      | Found a shimmering altar of Xom.
  3943 | D:5      | Found a stormy altar of Qazlal.
  3951 | D:5      | Found a snail-covered altar of Cheibriados.
  3957 | D:5      | 3957 ||| INVOKING Spit Poison.
  3961 | D:5      | 3961 ||| INVOKING Spit Poison.
  3977 | D:5      | 3977 ||| INVOKING Spit Poison.
  3981 | D:5      | 3981 ||| INVOKING Spit Poison.
  3998 | D:5      | 3998 ||| INVOKING Heroism.
  3999 | D:5      | 3999 ||| INVOKING Spit Poison.
  4004 | D:5      | Reached skill level 8 in Ranged Weapons
  4004 | D:5      | Reached skill level 3 in Invocations
  4029 | D:5      | Found Tettiq's Neck Hole.
  4037 | D:5      | 4037 ||| BUYING +0 cloak (54 gold).
  4037 | D:5      | Bought a +0 cloak for 54 gold pieces
  4037 | D:5      | 4037 ||| BUYING scarf of repulsion (144 gold).
  4037 | D:5      | Bought a scarf of repulsion for 144 gold pieces
  4037 | D:5      | 4037 ||| SHOPLISTING scarf of resistance (384 gold, have
                  | 66).
  4082 | D:5      | 4082 ||| INVOKING Spit Poison.
  4087 | D:5      | 4087 ||| INVOKING Spit Poison.
  4270 | D:5      | 4270 ||| INVOKING Spit Poison.
  4331 | D:5      | 4331 ||| INVOKING Spit Poison.
  4344 | D:5      | 4344 ||| UPGRADING to +0 cloak.
  4349 | D:5      | 4349 ||| UPGRADING to scarf of repulsion.
  4359 | D:5      | 4359 ||| READING scroll labelled APAUCR LIRGH.
  4359 | D:5      | Identified a scroll of acquirement
  4359 | D:5      | 4359 ||| ACQUIRING +10 shortbow "Loludgho" {speed, *Slow
                  | rElec rN+ Int+3}
  4359 | D:5      | Acquired the +10 shortbow "Loludgho" {speed, *Slow rElec
                  | rN+ Int+3}
  4361 | D:5      | 4361 ||| SWAPPING to +10 shortbow "Loludgho" {speed, *Slow
                  | rElec rN+ Int+3}.
  4362 | D:5      | 4362 ||| DROPPING +0 shortbow.
  4363 | D:5      | 4363 ||| READING scroll labelled KOUVVEGHUF.
  4364 | D:5      | 4364 ||| READING 2 scrolls of identify.
  4364 | D:5      | 4364 ||| IDENTIFYING emerald potion
  4477 | D:6      | 4477 ||| INVOKING Spit Poison.
  4488 | D:6      | 4488 ||| INVOKING Heroism.
  4489 | D:6      | 4489 ||| INVOKING Spit Poison.
  4536 | D:6      | 4536 ||| INVOKING Heroism.
  4574 | D:6      | 4574 ||| INVOKING Spit Poison.
  4580 | D:6      | Found a staircase to the Ecumenical Temple.
  4592 | D:6      | Noticed Sigmund
  4593 | D:6      | 4593 ||| INVOKING Heroism.
  4594 | D:6      | 4594 ||| INVOKING Spit Poison.
  4596 | D:6      | Killed Sigmund
  4604 | D:6      | 4604 ||| INVOKING Spit Poison.
  4614 | D:6      | Found Sufyevubb's General Store.
  4689 | D:6      | 4689 ||| INVOKING Spit Poison.
  4693 | D:6      | Reached skill level 9 in Ranged Weapons
  4693 | D:6      | Reached XP level 9. HP: 81/81 MP: 12/12
  4705 | D:6      | Found a glowing silver altar of Zin.
  4721 | D:6      | 4721 ||| INVOKING Spit Poison.
  4876 | D:6      | 4876 ||| INVOKING Spit Poison.
  5201 | D:6      | 5201 ||| UPGRADING to +1 hat.
  5206 | D:6      | 5206 ||| READING scroll labelled OSURIA LUOBLUE.
  5207 | D:6      | 5207 ||| READING 2 scrolls of identify.
  5207 | D:6      | 5207 ||| IDENTIFYING green potion
  5298 | D:7      | Reached skill level 1 in Armour
  5369 | D:7      | 5369 ||| INVOKING Spit Poison.
  5382 | D:7      | 5382 ||| INVOKING Spit Poison.
  5384 | D:7      | Reached ** piety under Okawaru
  5385 | D:7      | Reached skill level 3 in Dodging
  5444 | D:7      | 5444 ||| INVOKING Spit Poison.
  5445 | D:7      | 5445 ||| Stepping ~*~*~tactically~*~*~ (outnumbered).
  5476 | D:7      | Found Voemadit's Magic Scroll Boutique.
  5479 | D:7      | 5479 ||| BUYING 3 scrolls of teleportation (135 gold).
  5479 | D:7      | Bought 3 scrolls of teleportation for 135 gold pieces
  5479 | D:7      | 5479 ||| SHOPLISTING scroll of brand weapon (142 gold, have
                  | 98).
  5479 | D:7      | 5479 ||| BUYING scroll of identify (30 gold).
  5479 | D:7      | Bought a scroll of identify for 30 gold pieces
  5479 | D:7      | 5479 ||| BUYING scroll of teleportation (45 gold).
  5479 | D:7      | Bought a scroll of teleportation for 45 gold pieces
  5479 | D:7      | 5479 ||| SHOPLISTING scroll of teleportation (45 gold, have
                  | 23).
  5814 | D:7      | 5814 ||| INVOKING Spit Poison.
  5819 | D:7      | Reached skill level 6 in Fighting
  5830 | D:7      | 5830 ||| Stepping ~*~*~tactically~*~*~ (outnumbered).
  5832 | D:7      | 5832 ||| Stepping ~*~*~tactically~*~*~ (outnumbered).
  5834 | D:7      | 5834 ||| Stepping ~*~*~tactically~*~*~ (outnumbered).
  5835 | D:7      | 5835 ||| INVOKING Spit Poison.
  5840 | D:7      | 5840 ||| Stepping ~*~*~tactically~*~*~ (outnumbered).
  5842 | D:7      | 5842 ||| INVOKING Spit Poison.
  5849 | D:7      | 5849 ||| INVOKING Spit Poison.
  5978 | D:7      | 5978 ||| INVOKING Heroism.
  6100 | D:7      | 6100 ||| READING 2 scrolls of identify.
  6100 | D:7      | 6100 ||| IDENTIFYING fizzy puce potion
  6101 | D:7      | 6101 ||| DROPPING potion of lignification.
  6187 | D:8      | Found a sparkling altar of Nemelex Xobeh.
  6190 | D:8      | 6190 ||| INVOKING Spit Poison.
  6222 | D:8      | 6222 ||| INVOKING Spit Poison.
  6263 | D:8      | Noticed Joseph
  6272 | D:8      | 6272 ||| INVOKING Spit Poison.
  6274 | D:8      | Killed Joseph
  6274 | D:8      | Reached *** piety under Okawaru
  6275 | D:8      | Reached skill level 10 in Ranged Weapons
  6299 | D:8      | Found a flagged portal.
  6300 | D:8      | 6300 ||| INVOKING Spit Poison.
  6314 | D:8      | 6314 ||| INVOKING Spit Poison.
  6335 | D:8      | Noticed Psyche
  6336 | D:8      | 6336 ||| INVOKING Heroism.
  6338 | D:8      | 6338 ||| INVOKING Spit Poison.
  6350 | D:8      | 6350 ||| INVOKING Spit Poison.
  6350 | D:8      | Killed Psyche
  6351 | D:8      | Reached XP level 10. HP: 94/94 MP: 11/13
  6364 | D:8      | 6364 ||| INVOKING Spit Poison.
  6378 | D:8      | 6378 ||| INVOKING Spit Poison.
  6384 | D:8      | Reached skill level 11 in Ranged Weapons
  6406 | D:8      | 6406 ||| INVOKING Spit Poison.
  6449 | D:8      | Identified the +6 orcbow "Efeocez" {antimagic, *Slow rF-
                  | rC+ Str+9}
  6451 | D:8      | Noticed Grum
  6452 | D:8      | 6452 ||| INVOKING Heroism.
  6453 | D:8      | 6453 ||| INVOKING Spit Poison.
  6457 | D:8      | Killed Grum
  6459 | D:8      | 6459 ||| INVOKING Spit Poison.
  6468 | D:8      | 6468 ||| INVOKING Spit Poison.
  6576 | D:8      | Noticed an orange demon
  6577 | D:8      | 6577 ||| INVOKING Spit Poison.
  6579 | D:8      | Noticed Amaemon
  6580 | D:8      | 6580 ||| INVOKING Heroism.
  6582 | D:8      | 6582 ||| INVOKING Spit Poison.
  6588 | D:8      | Killed an orange demon
  6595 | D:8      | 6595 ||| INVOKING Spit Poison.
  6597 | D:8      | Killed Amaemon
  6925 | D:8      | 6925 ||| DRINKING 2 golden potions.
  6926 | D:8      | 6926 ||| DRINKING 2 fuming silvery potions.
  6927 | D:8      | 6927 ||| READING 2 scrolls of identify.
  6927 | D:8      | 6927 ||| IDENTIFYING fuming inky potion
  6928 | D:8      | 6928 ||| DROPPING potion of brilliance.
  7028 | D:9      | 7028 ||| INVOKING Heroism.
  7030 | D:9      | 7030 ||| Stepping ~*~*~tactically~*~*~ (outnumbered).
  7043 | D:9      | 7043 ||| Stepping ~*~*~tactically~*~*~ (outnumbered).
  7045 | D:9      | 7045 ||| Stepping ~*~*~tactically~*~*~ (outnumbered).
  7047 | D:9      | 7047 ||| Stepping ~*~*~tactically~*~*~ (outnumbered).
  7049 | D:9      | 7049 ||| INVOKING Heroism.
  7050 | D:9      | 7050 ||| Stepping ~*~*~tactically~*~*~ (outnumbered).
  7051 | D:9      | 7051 ||| INVOKING Spit Poison.
  7081 | D:9      | 7081 ||| INVOKING Heroism.
  7120 | D:9      | 7120 ||| INVOKING Heroism.
  7139 | D:9      | Reached skill level 12 in Ranged Weapons
  7146 | D:9      | 7146 ||| INVOKING Heroism.
  7147 | D:9      | HP: 24/96 [slime creature (3)]
  7148 | D:9      | 7148 ||| READING 6 scrolls of teleportation.
  7149 | D:9      | 7149 ||| DRINKING 3 potions of heal wounds.
  7318 | D:9      | 7318 ||| INVOKING Spit Poison.
  7323 | D:9      | Reached XP level 11. HP: 103/103 MP: 14/14
  7327 | D:9      | 7327 ||| INVOKING Spit Poison.
  7337 | D:9      | 7337 ||| INVOKING Heroism.
  7380 | D:9      | Found a shimmering blue altar of Sif Muna.
  7439 | D:9      | 7439 ||| INVOKING Spit Poison.
  7448 | D:9      | 7448 ||| INVOKING Spit Poison.
  7513 | D:9      | 7513 ||| INVOKING Heroism.
  7566 | D:9      | Identified the +1 robe of Lugonu's Favour {rPois MP+9 Dex+2
                  | Stlth-}
  7674 | D:9      | Noticed a manticore
  7675 | D:9      | 7675 ||| INVOKING Heroism.
  7680 | D:9      | 7680 ||| INVOKING Spit Poison.
  7683 | D:9      | Killed a manticore
  7970 | D:10     | Entered Level 10 of the Dungeon
  7971 | D:10     | 7971 ||| INVOKING Heroism.
  7972 | D:10     | 7972 ||| INVOKING Spit Poison.
  8007 | D:10     | Noticed a two-headed ogre
  8008 | D:10     | 8008 ||| INVOKING Heroism.
  8009 | D:10     | 8009 ||| INVOKING Spit Poison.
  8014 | D:10     | Killed a two-headed ogre
  8015 | D:10     | Reached skill level 13 in Ranged Weapons
  8121 | D:10     | 8121 ||| READING scroll of enchant armour.
  8121 | D:10     | 8121 ||| ENCHANTING +1 pair of gloves.
  8170 | D:10     | Noticed Lodul
  8171 | D:10     | 8171 ||| INVOKING Spit Poison.
  8183 | D:10     | 8183 ||| INVOKING Spit Poison.
  8189 | D:10     | 8189 ||| INVOKING Heroism.
  8192 | D:10     | 8192 ||| INVOKING Spit Poison.
  8198 | D:10     | Killed Lodul
  8198 | D:10     | Reached **** piety under Okawaru
  8199 | D:10     | Reached skill level 9 in Fighting
  8203 | D:10     | 8203 ||| INVOKING Spit Poison.
  8457 | D:10     | Found a basalt altar of Yredelemnul.
  8477 | D:10     | 8477 ||| INVOKING Spit Poison.
  8482 | D:10     | 8482 ||| INVOKING Spit Poison.
  8483 | D:10     | 8483 ||| Stepping ~*~*~tactically~*~*~ (outnumbered).
  8486 | D:10     | 8486 ||| Stepping ~*~*~tactically~*~*~ (outnumbered).
  8487 | D:10     | 8487 ||| Stepping ~*~*~tactically~*~*~ (outnumbered).
  8492 | D:10     | 8492 ||| Stepping ~*~*~tactically~*~*~ (outnumbered).
  8499 | D:10     | 8499 ||| INVOKING Spit Poison.
  8551 | D:10     | Found an ornate altar of the Wu Jian Council.
  8553 | D:10     | 8553 ||| DROPPING +1 robe of Lugonu's Favour {rPois MP+9
                  | Dex+2 Stlth-}.
  8554 | D:10     | 8554 ||| INVOKING Heroism.
  8555 | D:10     | 8555 ||| INVOKING Spit Poison.
  8779 | D:10     | Found a staircase to the Lair.
  9087 | D:10     | Found a white marble altar of Elyvilon.
  9092 | D:10     | Found a hide-covered altar of Uskayaw.
  9093 | D:10     | 9093 ||| PLANNING LAIR
  9093 | D:10     | 9093 ||| UPGRADING to +0 troll leather armour.
  9103 | D:10     | 9103 ||| DROPPING +3 ring mail of poison resistance.
  9122 | Lair:1   | Entered Level 1 of the Lair of Beasts
  9123 | Lair:1   | 9123 ||| INVOKING Heroism.
  9124 | Lair:1   | 9124 ||| INVOKING Spit Poison.
  9130 | Lair:1   | 9130 ||| INVOKING Spit Poison.
  9142 | Lair:1   | 9142 ||| INVOKING Spit Poison.
  9143 | Lair:1   | 9143 ||| INVOKING Heroism.
  9151 | Lair:1   | 9151 ||| INVOKING Spit Poison.
  9154 | Lair:1   | Reached skill level 6 in Invocations
  9239 | Lair:1   | Found a sacrificial altar of Ru.
  9272 | Lair:1   | 9272 ||| INVOKING Heroism.
  9273 | Lair:1   | 9273 ||| INVOKING Spit Poison.
  9280 | Lair:1   | 9280 ||| INVOKING Spit Poison.
  9366 | Lair:1   | 9366 ||| INVOKING Spit Poison.
  9421 | Lair:1   | 9421 ||| INVOKING Heroism.
  9422 | Lair:1   | 9422 ||| INVOKING Spit Poison.
  9429 | Lair:1   | Reached XP level 12. HP: 114/114 MP: 14/17
  9499 | Lair:1   | 9499 ||| Stepping ~*~*~tactically~*~*~ (outnumbered).
  9984 | Lair:1   | 9984 ||| READING 3 scrolls labelled GYBLEU TOFARU.
  9985 | Lair:1   | 9985 ||| DROPPING 2 scrolls of magic mapping.
 10013 | Lair:2   | Noticed a four-headed hydra
 10014 | Lair:2   | 10014 ||| INVOKING Heroism.
 10029 | Lair:2   | 10029 ||| STAIRDANCE
 10033 | Lair:1   | HP: 25/114 [four-headed hydra (4)]
 10034 | Lair:1   | HP: 8/114 [four-headed hydra (5)]
 10034 | Lair:1   | HP: 3/114 [four-headed hydra (5)]
 10035 | Lair:1   | HP: 1/114 [wolf (3)]
 10035 | Lair:1   | Slain by a four-headed hydra

Levels and vault maps discovered:
D:1:      dpeg_arrival_circle_labyrinth_a, layout_basic,
          chequers_ecumenical_altar_lobes, hangedman_abyss_or_decor_lesser_grid,
          minmay_misc_feat_cross
D:2:      layout_loops_ring, basic_altar
D:3:      layout_loops_ring, okawaru_altar_gauntlet_db, trog_butcher_becter
D:4:      layout_loops_ring, old_standard_altar, lemuel_coloured_pillars_altar,
          st_stairs_8, uniq_edmund
D:5:      layout_cave_pools, nicolae_overflow_hallway_of_the_gods, st_stairs_13,
          nicolae_shop_sticking_my_neck_out, uniq_grinder
D:6:      layout_loops_ring, lemuel_crystal_altar, minmay_temple_entry_grid,
          minivault_19, nicolae_inconvenience_store, uniq_sigmund
D:7:      layout_gridville, serial_shops, shop
D:8:      layout_cave_pools, old_standard_altar, enter_bailey_5, uniq_joseph,
          uniq_grum, uniq_psyche, uniq_amaemon
D:9:      layout_long_grid, lemuel_crystal_altar, serial_bayou,
          serial_bayou_lagoon_a, serial_bayou_lagoon_b, serial_bayou_crossing,
          serial_bayou_ford_a
D:10:     layout_long_grid, mainiacjoe_overflow_big_doors,
          kennysheep_little_box, mainiacjoe_overflow_cross_hatched,
          lair_entry_dummy, chequers_serial_rivers_micro_b, minmay_door_square,
          uniq_lodul
Lair:1:   layout_roguey, basic_altar, grunt_megastairs_3
Lair:2:   layout_regular_city, skrybe_swamp_entry_bodies, grunt_megastairs_1

Skill      XL: |  1  2  3  4  5  6  7  8  9 10 11 |
---------------+----------------------------------+-----
Ranged Weapons | 4 5 6 7 9 10 12 13 | 13.6
Fighting       | 3 4 5 7 8 9 |  9.0
Dodging        | 2 3 4 5 |  5.0
Invocations    | 2 4 7 |  7.7
Armour         | 1 2 |  2.0
Stealth        | |  1.5

Action                     |  1- 3 |  4- 6 |  7- 9 | 10-12 || total
---------------------------+-------+-------+-------+-------++-------
   Fire: Shortbow          |    79 |   115 |   191 |   383 ||   768
 Invoke: Heroism           |       |       |     9 |    19 ||    28
Ability: Spit Poison       |    25 |    37 |    39 |    33 ||   134
    Use: Scroll            |     6 |     2 |    10 |     4 ||    22
         Potion            |     1 |       |       |     3 ||     4
 Armour: Leather armour    |     6 |     8 |    28 |    24 ||    66
         Troll leather arm |       |       |       |    57 ||    57
  Dodge: Dodged            |    21 |    22 |    41 |    89 ||   173
         Repelled          |       |       |     2 |     1 ||     3
  Block: Other             |    11 |     8 |    14 |    18 ||    51
         Reflection        |       |     1 |     1 |     1 ||     3

Table legend:
 A = Non-vault XP
 B = Vault XP
 C = Vault XP percentage of total XP
 D = Non-vault monster count
 E = Vault monster count
 F = Vault count percentage of total count
                 A         B        C        D         E       F
            +---------+---------+-------+---------+---------+-------
      Total |   14224 |    5962 |  29.5 |     194 |      40 |  17.1
            +---------+---------+-------+---------+---------+-------
        D:1 |      34 |       0 |   0.0 |      19 |       0 |   0.0
        D:2 |      36 |       0 |   0.0 |      14 |       0 |   0.0
        D:3 |     124 |      29 |  19.0 |      29 |      10 |  25.6
        D:4 |     307 |     205 |  40.0 |      14 |       2 |  12.5
        D:5 |     512 |     323 |  38.7 |      13 |       3 |  18.8
        D:6 |     617 |     226 |  26.8 |      18 |       1 |   5.3
        D:7 |     816 |       0 |   0.0 |      18 |       0 |   0.0
        D:8 |    1721 |    2684 |  60.9 |      16 |      13 |  44.8
        D:9 |    2721 |       0 |   0.0 |      22 |       0 |   0.0
       D:10 |    2816 |    1679 |  37.4 |      11 |       9 |  45.0
     Lair:1 |    4520 |     816 |  15.3 |      20 |       2 |   9.1
            +---------+---------+-------+---------+---------+-------
